 Dungeon Crawl Stone Soup version 0.19.5 (webtiles) character file.

68775 tognito the Executioner (level 14, -5/178 HPs)
             Began as a Minotaur Berserker on May 5, 2017.
             Was a High Priest of Trog.
             Splashed by an oklob plant's acid (11 damage)
             ... on level 5 of the Lair of Beasts.
             The game lasted 00:47:09 (21183 turns).

tognito the Executioner (Minotaur Berserker)       Turns: 21183, Time: 00:47:09

Health: -5/178     AC:  2    Str: 36    XL:     14   Next: 87%
Magic:  13/13      EV: 13    Int:  4    God:    Trog [*****.]
Gold:   1365       SH:  0    Dex: 20    Spells: 0 memorised, 13 levels left

rFire  + . .     SeeInvis +     a - +12 broad axe of Tuton {freeze, rF+ Dex+3 SInv Stlth+}
rCold  . . .     Gourm    .     F - +4 plate armour
rNeg   + . .     Faith    .     (no shield)
rPois  +         Spirit   .     (helmet restricted)
rElec  .         Reflect  .     u - +2 cloak
rCorr  .         Harm     .     (no gloves)
MR     ++...                    x - +0 pair of boots of Fah Bafil {rN+ MR+ Str+3 Dex+2}
Stlth  ..........               s - amulet of Ezuel {RegenMP *Corrode rPois Dex+3}
                                m - +3 ring of strength
                                w - +1 ring of protection

@: berserking, corroded, very quick
A: retaliatory headbutt, horns 2
a: Berserk, Trog's Hand, Brothers in Arms, Burn Spellbooks, Renounce Religion


You were on level 5 of the Lair of Beasts.
You worshipped Trog.
Trog was extremely pleased with you.
You were hungry.

You visited 2 branches of the dungeon, and saw 20 of its levels.
You visited the Abyss 1 time.
You also visited: Ice Cave.

You collected 1365 gold pieces.

Inventory:

Hand Weapons
 a - the +12 broad axe of Tuton (weapon) {freeze, rF+ Dex+3 SInv Stlth+}
   (Trog gifted it to you on level 9 of the Dungeon)

   It has been specially enchanted to freeze those struck by it, causing extra
   injury to most foes and up to half again as much damage against particularly
   susceptible opponents.
   It can also slow down cold-blooded creatures.
   It affects your dexterity (+3).
   It protects you from fire.
   It lets you see invisible.
   It makes you more stealthy.
 b - a +0 arbalest
 W - a +8 antimagic executioner's axe
Missiles
 o - 202 bolts
Armour
 u - a +2 cloak (worn)
 x - the +0 pair of boots of Fah Bafil (worn) {rN+ MR+ Str+3 Dex+2}
   (You found it on level 7 of the Dungeon)

   It affects your strength (+3).
   It affects your dexterity (+2).
   It protects you from negative energy.
   It affects your resistance to hostile enchantments.
 F - a +4 plate armour (worn)
Jewellery
 j - an uncursed ring of see invisible
 m - a +3 ring of strength (right hand)
 s - the amulet of Ezuel (around neck) {RegenMP *Corrode rPois Dex+3}
   (You found it on level 6 of the Dungeon)

   [amulet of magic regeneration]

   It increases your magic regeneration.
   It affects your dexterity (+3).
   It protects you from poison.
   It may corrode you when you take damage.
 w - a +1 ring of protection (left hand)
 H - an uncursed ring of resist corrosion
 S - a +3 ring of dexterity
 X - an uncursed ring of ice
 Z - an uncursed amulet of faith
Wands
 t - a wand of enslavement (16/24)
 y - a wand of heal wounds (4/9)
 A - a wand of lightning (10/15)
 J - a wand of disintegration (11/24)
 U - a wand of paralysis (13/24)
Scrolls
 g - 2 scrolls of fog
 h - 6 scrolls of identify
 l - a scroll of blinking
 v - a scroll of fear
 D - 4 scrolls of enchant weapon
 G - 6 scrolls of remove curse
 K - 3 scrolls of teleportation
 N - a scroll of acquirement
 P - a scroll of magic mapping
Potions
 e - 9 potions of curing
 i - a potion of heal wounds
 k - a potion of ambrosia
 p - a potion of might
 z - a potion of cancellation {unknown}
 I - 4 potions of flight
 Q - a potion of agility
 V - 3 potions of haste
Miscellaneous
 r - a phial of floods
 B - a fan of gales
 C - a phantom mirror
Comestibles
 c - 14 bread rations
 d - 6 beef jerkies
 f - 9 meat rations
 n - 12 slices of pizza
 q - 2 fruits
 E - a chunk of flesh


   Skills:
 * Level 9.8 Fighting
 + Level 25.4 Axes
 + Level 6.4 Armour
 + Level 6.4 Dodging


You had 13 spell levels left.
You didn't know any spells.

Dungeon Overview and Level Annotations

Branches:
Dungeon (15/15)            Temple (0/1) D:4            Lair (5/6) D:11
 Shoals (0/4) Lair:2       Spider (0/4) Lair:4        Slime (0/5) Lair:5
    Orc (0/2) D:9          Vaults (0/5) D:14         Depths (0/5) D:15

Altars:
Ashenzari
Cheibriados
Dithmenos
Fedhas
Gozag
Hepliaklqana
Makhleb
Nemelex Xobeh
Okawaru
Qazlal
Sif Muna
Trog
Xom
Yredelemnul
The Shining One

Shops:
D:6 !   D:14 !

Portals:
Trove: D:15 (give +4 demon whip)
Volcano: Lair:3

Annotations:
Lair:5 exclusion: 5 oklob plants


Innate Abilities, Weirdness & Mutations

You reflexively headbutt those who attack you in melee.
You have a pair of horns on your head.


Message History

You are feeling hungry.
The crocodile bites you.
* * * LOW HITPOINT WARNING * * *
You open the oklob plant like a pillowcase!!!
You freeze the oklob plant!
The oklob plant is almost destroyed.
You slash the crocodile!
The crocodile seems to slow down.
You freeze the crocodile. You hit the oklob plant. You freeze the oklob plant.
You hear a bellow! x2
You completely miss the oklob plant. You headbutt the oklob plant.
The oklob plant is almost destroyed.
You slash the oklob plant! You freeze the oklob plant. You slash the crocodile!
The crocodile seems to slow down.
You freeze the crocodile.
You kill the crocodile!
Trog accepts your kill. The oklob plant spits acid at you.
The splash of acid hits you!
* * * LOW HITPOINT WARNING * * *
The acid corrodes you!
You are splashed with acid!
The acid burns!
You die...

#.............%.
##................
###.................
....................
..............P#...P
..........(......#
....PPP..........#
.....>P@....<..P#
....P.......#..##
............##.#
.....:......# ##
.............#
.............#
...........###
...........#


You could see 5 oklob plants.

Vanquished Creatures
  A frost giant (IceCv)
  The ghost of Inarius the Cleaver, a journeyman MiFi of Nemelex Xobeh (D:13)
  A yaktaur captain (D:15)
  Harold (Lair:2)
  7 vault guards (D:14)
  A hydra (Lair:4)
  Erica (D:8)
  3 centaur warriors
  2 death yaks (IceCv)
  A tengu warrior (D:15)
  Sonja (Lair:2)
  4 unseen horrors
  The ghost of execc the Thaumaturge, a novice SpCj of Vehumet (D:10)
  2 hill giants
  2 deep elf magi
  5 ugly things
  3 manticores
  A wolf spider (Lair:4)
  2 wolf spider zombies (D:14)
  2 cyclopes
  Maurice (D:8)
  5 elephants (Lair:4)
  An ice statue (IceCv)
  3 centaur zombies
  Joseph (D:8)
  3 black mambas
  A gargoyle (D:15)
  4 spiny frogs
  A rime drake (IceCv)
  A komodo dragon (Lair:4)
  2 ice devils (Lair:1)
  A yaktaur (D:15)
  2 trolls
  12 polar bears (IceCv)
  2 tengu conjurers (D:15)
  A jumping spider (Lair:4)
  A two-headed ogre (D:8)
  5 blink frogs (Lair:4)
  11 hippogriffs
  A redback (Lair:4)
  A shadow (D:11)
  2 wraiths
  2 wyverns
  83 yaks
  Grum (D:8)
  A steam dragon (D:12)
  A small abomination (Abyss:2)
  6 vampire mosquitoes
  6 hungry ghosts
  A mottled dragon (D:13)
  A warg (D:15)
  9 water moccasins
  5 porcupines
  Duvessa (D:6)
  2 phantoms
  A black bear (D:11)
  4 sky beasts
  An eye of draining (D:12)
  6 ice beasts
  6 orc warriors
  6 ogres
  3 starcursed masses (Lair:2)
  2 necrophages
  23 wolves
  19 centaurs
  8 crocodiles
  2 big kobolds
  16 bullfrogs
  2 wyvern zombies
  Dowan (D:6)
  5 scorpions
  4 wights (D:15)
  6 killer bees (D:11)
  14 howler monkeys
  7 crimson imps
  5 quasits
  5 centaur skeletons
  6 hounds
  6 jellies
  9 orc priests
  A gnoll shaman (D:4)
  9 iguanas
  12 orc wizards
  16 worker ants
  A hound zombie (D:5)
  3 hound skeletons
  A howler monkey zombie (D:9)
  2 worker ant zombies
  11 gnolls
  A howler monkey skeleton (D:9)
  7 adders
  2 river rats (D:11)
  5 shadow imps
  An ooze (D:2)
  An adder skeleton (D:5)
  3 worms
  2 dart slugs
  6 leopard geckos
  32 orcs
  14 bats
  4 giant cockroaches
  13 goblins
  3 hobgoblins
  8 jackals
  3 quokkas
  A ball python (D:3)
  5 frilled lizards
  A jackal skeleton (D:4)
  17 kobolds
  2 leopard gecko skeletons
  5 rats
  A fulminant prism (D:10)
  9 fungi
  7 plants
599 creatures vanquished.

Vanquished Creatures (collateral kills)
  2 hydras
  An orc knight (D:15)
  4 ugly things (D:15)
  2 kobold demonologists (D:15)
  An orc warrior (D:15)
  3 big kobolds (D:15)
  A bullfrog (D:15)
  An orc (D:15)
  A kobold (D:15)
16 creatures vanquished.

Vanquished Creatures (others)
  14 fungi
  9 plants (D:11)
  4 withered plants (D:9)
27 creatures vanquished.

Grand Total: 642 creatures vanquished

Notes
Turn   | Place    | Note
-------+----------+-------------------------------------------
     0 | D:1      | tognito the Minotaur Berserker began the quest for the Orb.
     0 | D:1      | Reached XP level 1. HP: 19/19 MP: 0/0
   162 | D:1      | Reached skill level 4 in Axes
   315 | D:1      | Reached XP level 2. HP: 26/26 MP: 1/1
   630 | D:2      | Reached skill level 5 in Axes
   630 | D:2      | Reached XP level 3. HP: 13/31 MP: 2/2
  1035 | D:2      | Found an opulent altar of Gozag.
  1051 | D:2      | Reached ** piety under Trog
  1138 | D:2      | Reached skill level 6 in Axes
  1138 | D:2      | Reached XP level 4. HP: 27/39 MP: 3/3
  1142 | D:2      | Found a blossoming altar of Fedhas.
  1347 | D:2      | Found a snail-covered altar of Cheibriados.
  1452 | D:2      | Found a shadowy altar of Dithmenos.
  1494 | D:3      | Reached skill level 7 in Axes
  1494 | D:3      | Reached XP level 5. HP: 36/45 MP: 4/4
  1923 | D:3      | Reached *** piety under Trog
  2028 | D:3      | Reached skill level 8 in Axes
  2145 | D:3      | Noticed an ogre
  2150 | D:3      | Killed an ogre
  2150 | D:3      | Reached XP level 6. HP: 22/51 MP: 5/5
  2321 | D:3      | Found a burning altar of Makhleb.
  2472 | D:4      | Found a sparkling altar of Nemelex Xobeh.
  2514 | D:4      | Noticed a hippogriff
  2519 | D:4      | Killed a hippogriff
  2519 | D:4      | Reached skill level 9 in Axes
  2519 | D:4      | Reached XP level 7. HP: 13/57 MP: 6/6
  2835 | D:4      | Reached skill level 10 in Axes
  2999 | D:4      | Found a staircase to the Ecumenical Temple.
  3473 | D:5      | Entered Level 5 of the Dungeon
  3567 | D:5      | Reached skill level 11 in Axes
  3784 | D:5      | Found a shimmering altar of Xom.
  3959 | D:5      | Reached XP level 8. HP: 40/64 MP: 7/7
  4118 | D:5      | Identified a scroll of acquirement
  4459 | D:5      | Reached skill level 12 in Axes
  4604 | D:6      | Noticed Duvessa
  4604 | D:6      | Noticed Dowan
  4612 | D:6      | Killed Duvessa
  4618 | D:6      | Killed Dowan
  4618 | D:6      | Reached **** piety under Trog
  4774 | D:6      | Found a stormy altar of Qazlal.
  4778 | D:6      | Noticed an air elemental
  4822 | D:6      | Reached skill level 13 in Axes
  4912 | D:6      | Got a heavily runed copper amulet
  4913 | D:6      | Identified the amulet of Ezuel {RegenMP *Corrode rPois Dex+3} (You found it on level 6 of the Dungeon)
  4995 | D:6      | Found Muist's Distillery.
  5269 | D:7      | Reached XP level 9. HP: 46/70 MP: 8/8
  5438 | D:7      | Reached skill level 14 in Axes
  5765 | D:7      | Got a pair of faintly humming boots
  5771 | D:7      | Identified the +0 pair of boots of Fah Bafil {rN+ MR+ Str+3 Dex+2} (You found it on level 7 of the Dungeon)
  6231 | D:8      | Noticed Joseph
  6241 | D:8      | Killed Joseph
  6241 | D:8      | Reached skill level 15 in Axes
  6303 | D:8      | Reached ***** piety under Trog
  6322 | D:8      | Noticed Grum
  6324 | D:8      | Reached skill level 16 in Axes
  6329 | D:8      | Killed Grum
  6451 | D:8      | Reached XP level 10. HP: 77/77 MP: 9/9
  6596 | D:8      | Noticed Erica
  6608 | D:8      | Killed Erica
  6779 | D:8      | Found a hazy altar of Hepliaklqana.
  6780 | D:8      | Found a deep blue altar of Sif Muna.
  6781 | D:8      | Found a bloodstained altar of Trog.
  6801 | D:8      | Noticed Maurice
  6810 | D:8      | Killed Maurice
  6810 | D:8      | Reached skill level 17 in Axes
  7130 | D:8      | Found an iron altar of Okawaru.
  7189 | D:8      | Found a glowing golden altar of the Shining One.
  7682 | D:9      | Received a gift from Trog
  7683 | D:9      | Got a brightly glowing broad axe {god gift}
  7684 | D:9      | Identified the +12 broad axe of Tuton {freeze, rF+ Dex+3 SInv Stlth+} (Trog gifted it to you on level 9 of the Dungeon)
  7758 | D:9      | Found a basalt altar of Yredelemnul.
  7916 | D:9      | Reached skill level 18 in Axes
  8066 | D:9      | Found a staircase to the Orcish Mines.
  8526 | D:9      | Reached XP level 11. HP: 82/82 MP: 10/10
  8924 | D:10     | Entered Level 10 of the Dungeon
  8928 | D:10     | Noticed execc's ghost (novice SpCj)
  8934 | D:10     | Killed execc's ghost
  8934 | D:10     | Reached skill level 19 in Axes
  9280 | D:10     | Noticed a deep elf mage
  9291 | D:10     | Killed a deep elf mage
  9858 | D:10     | Noticed an unseen horror
  9865 | D:10     | Killed an unseen horror
 10239 | D:11     | Noticed a hill giant
 10246 | D:11     | Killed a hill giant
 10246 | D:11     | Reached skill level 20 in Axes
 10459 | D:11     | Found a staircase to the Lair.
 10686 | D:11     | Noticed an unseen horror
 10687 | D:11     | Killed an unseen horror
 10718 | D:11     | Reached skill level 21 in Axes
 10949 | D:11     | Found a glowing golden altar of the Shining One.
 11155 | D:12     | Reached XP level 12. HP: 90/90 MP: 11/11
 11232 | D:12     | Received a gift from Trog
 12186 | D:13     | Noticed Inarius's ghost (journeyman MiFi)
 12200 | D:13     | Killed Inarius's ghost
 12217 | D:13     | Noticed a four-headed hydra
 12223 | D:13     | Killed a four-headed hydra
 12223 | D:13     | Reached skill level 22 in Axes
 13429 | D:14     | Found Ylis's Distillery.
 13894 | D:14     | Received a gift from Trog
 13912 | D:14     | Reached skill level 23 in Axes
 13958 | D:14     | Noticed a vault guard
 13959 | D:14     | Noticed a vault guard
 13960 | D:14     | Noticed a vault guard
 13963 | D:14     | Killed a vault guard
 13965 | D:14     | Noticed a vault guard
 13968 | D:14     | Noticed a vault guard
 13969 | D:14     | Killed a vault guard
 13973 | D:14     | Noticed a vault guard
 13975 | D:14     | Killed a vault guard
 13975 | D:14     | Reached XP level 13. HP: 38/95 MP: 12/12
 14467 | D:14     | Found a gate to the Vaults.
 14865 | D:14     | Reached skill level 24 in Axes
 14899 | D:15     | Entered Level 15 of the Dungeon
 15133 | D:15     | Found a portal to a secret trove of treasure.
 15196 | D:15     | Found a shattered altar of Ashenzari.
 15387 | D:15     | Found a staircase to the Depths.
 15775 | D:15     | Reached skill level 5 in Fighting
 16136 | D:14     | You fall through a shaft!
 16249 | Lair:1   | Entered Level 1 of the Lair of Beasts
 16366 | Lair:1   | Found a frozen archway.
 16379 | IceCv    | Entered an ice cave
 16398 | IceCv    | Received a gift from Trog
 16644 | IceCv    | Reached XP level 14. HP: 93/108 MP: 13/13
 17085 | IceCv    | Reached skill level 25 in Axes
 17272 | IceCv    | Noticed a frost giant
 17281 | IceCv    | Killed a frost giant
 17306 | IceCv    | Identified the Collected Works on Noxious Cold
 18096 | Lair:1   | Received a gift from Trog
 18637 | Lair:2   | Found a staircase to the Shoals.
 18712 | Lair:2   | Noticed Harold
 18730 | Lair:2   | Killed Harold
 18730 | Lair:2   | Reached skill level 5 in Dodging
 18902 | Lair:2   | Noticed Sonja
 19038 | Lair:2   | Reached skill level 5 in Armour
 19212 | Lair:2   | Cast into level 1 of the Abyss (Sonja)
 19252 | Abyss:2  | Found a corrupted altar of Lugonu.
 19278 | Abyss:2  | Noticed a starcursed mass
 19283 | Lair:2   | Escaped the Abyss
 19440 | Lair:2   | Killed Sonja
 19855 | Lair:3   | Found a dark tunnel.
 20707 | Lair:4   | Found a labyrinth entrance.
 20744 | Lair:4   | Got a heavily runed cloak
 20745 | Lair:4   | Identified the cursed +0 cloak of the Armadillo {rPois} (You found it on level 4 of the Lair of Beasts)
 21019 | Lair:4   | Found a hole to the Spider Nest.
 21173 | Lair:5   | Found a staircase to the Slime Pits.
 21183 | Lair:5   | HP: 6/178 [oklob plant/splash of acid (14)]
 21183 | Lair:5   | Splashed by an oklob plant's acid

Skill      XL: |  1  2  3  4  5  6  7  8  9 10 11 12 13 14 |
---------------+-------------------------------------------+-----
Axes           | 4 5 6 7 8 9 11 13 16 18 21 23 24 25 | 25.4
Fighting       | 5 9 |  9.8
Armour         | 3 6 |  6.4
Dodging        | 3 6 |  6.4

Action                   |  1- 3 |  4- 6 |  7- 9 | 10-12 | 13-15 || total
-------------------------+-------+-------+-------+-------+-------++-------
Melee: Hand axe          |    59 |    90 |   102 |       |       ||   251
       Headbutt          |     6 |    15 |    36 |    79 |   122 ||   258
       War axe           |       |       |    97 |    21 |       ||   118
       Broad axe         |       |       |       |   327 |   359 ||   686
       Executioner's axe |       |       |       |       |    29 ||    29
 Fire: Shortbow          |       |       |    81 |   260 |    35 ||   376
       Arbalest          |       |       |       |       |   124 ||   124
Invok: Burn Spellbooks   |       |       |       |     3 |     4 ||     7
       Berserk           |       |       |       |     3 |     1 ||     4
       Brothers in Arms  |       |       |       |     1 |     4 ||     5
       Trog's Hand       |       |       |       |       |     2 ||     2
  Use: Potion            |     2 |     4 |     5 |     3 |     1 ||    15
       Scroll            |       |     5 |     7 |     5 |    14 ||    31
 Stab: Distracted        |       |       |       |     2 |       ||     2
       Fleeing           |       |       |       |     1 |       ||     1
  Eat: Chunk             |     1 |     4 |    13 |    28 |    23 ||    69
       Fruit             |       |       |       |       |     2 ||     2
       Pizza             |       |       |       |       |     1 ||     1
Armor: Animal skin       |    10 |       |       |       |       ||    10
       Scale mail        |     2 |    33 |     2 |       |       ||    37
       Chain mail        |       |       |    72 |    25 |       ||    97
       Plate armour      |       |       |       |   173 |   281 ||   454
Dodge: Dodged            |    39 |    65 |    89 |   125 |   228 ||   546
